 Dungeon Crawl Stone Soup version 0.28.0-43-g3370ac3207 (webtiles) character file.

Game seed: 13951147586486994998

107 weregamer the Cudgeller (level 4, 0/61 HPs)
             Began as a Minotaur Berserker on Mar 28, 2022.
             Was a Believer of Trog.
             Succumbed to an adder's poison
             ... on level 2 of the Dungeon.
             The game lasted 00:25:41 (2244 turns).

weregamer the Cudgeller (Minotaur Berserker)        Turns: 2244, Time: 00:25:42

Health: 0/61       AC:  2    Str: 23    XL:     4   Next: 56%
Magic:  3/3        EV: 12    Int:  4    God:    Trog [**....]
Gold:   23         SH:  0    Dex: 10    Spells: 3/3 levels left

rFire   . . .      SeeInvis .   a - +0 mace
rCold   . . .      Faith    .   (no shield)
rNeg    . . .      Spirit   .   b - +0 animal skin
rPois   .          Reflect  .   (helmet restricted)
rElec   .          Harm     .   (no cloak)
rCorr   .          Rampage  .   (no gloves)
Will    .....                   (no boots)
Stlth   ..........              (no amulet)
HPRegen 0.20/turn               (no ring)
MPRegen 0.08/turn               (no ring)

@: berserking (expiring), lethally poisoned (0 -> -3), very quick
A: horns 2, retaliatory headbutt
a: Renounce Religion, Berserk, Trog's Hand


You were on level 2 of the Dungeon.
You worshipped Trog.
Trog was pleased with you.
You visited 1 branch of the dungeon, and saw 2 of its levels.

You collected 23 gold pieces.

Inventory:

Hand Weapons
 a - a +0 mace (weapon)
 e - a +0 club
 f - a +0 hand axe
 j - a +0 mace
Missiles
 c - 35 bolts
 h - 76 stones (quivered)
Armour
 b - a +0 animal skin (worn)
 k - a +0 helmet
Scrolls
 d - a scroll of identify {unknown}
 g - a scroll of blinking {unknown}
 m - a scroll of torment {unknown}
 n - 3 scrolls of teleportation {unknown}
Potions
 i - 2 potions of heal wounds {unknown}
 l - a potion of degeneration {unknown}
 o - a potion of magic {unknown}


   Skills:
 * Level 4.7 Fighting
 * Level 5.0 Maces & Flails
 + Level 0.3 Throwing
 * Level 2.9 Armour
 + Level 2.6 Dodging
 + Level 0.1 Stealth
 * Level 0.3 Unarmed Combat


You had 3 spell levels left.
You didn't know any spells.
Your spell library was empty.

Dungeon Overview and Level Annotations

Branches:
Dungeon (2/15)

Altars:
Elyvilon


Innate Abilities, Weirdness & Mutations

You have a pair of horns on your head.
You reflexively headbutt those who attack you in melee.


Message History

A red film seems to cover your vision as you go berserk!
You feel yourself moving faster!
You feel mighty!
You feel sick. The adder bites you.
* * * LOW HITPOINT WARNING * * *
You are more poisoned.
The adder poisons you!
You closely miss the adder.
The adder is heavily wounded.
You feel sick. The adder bites you.
* * * LOW HITPOINT WARNING * * *
You hit the adder.
You kill the adder!
Trog accepts your kill.
* * * LOW HITPOINT WARNING * * *
You feel sick.
You sock the goblin!
You kill the goblin!
Trog accepts your kill.
* * * LOW HITPOINT WARNING * * *
You feel sick.
You barely miss the ball python.
* * * LOW HITPOINT WARNING * * *
You feel sick. The ball python bites you.
* * * LOW HITPOINT WARNING * * *
The ball python closely misses you.
You closely miss the ball python. Your headbutt misses the ball python.
* * * LOW HITPOINT WARNING * * *
You feel sick.
You sock the ball python!
You kill the ball python!
Trog accepts your kill.
* * * LOW HITPOINT WARNING * * *
You feel sick.
You hit the quokka.
You kill the quokka!
Trog accepts your kill.
You hit the rat.
You kill the rat!
Trog accepts your kill.
You die...

##.......#...# #.#.###.#
#............## #....##.#
#......##.....#
####..#.######
#......##.#####
##........# #........##)!.
#.#.####.# ########.#$..$.
#......#.# #.#...).###
##.#....#.#
#.#.?.$.)†####..######.#
#.## ##@......#......#
##.#####......#.#.#######.
##.......#..##...........
#.......#..#####.#######
#.#####....##....#
#.#...#........###
#.#.#.#...###..#
#.....#.#..##..#
#....<#.#..##..#


There were no monsters in sight!

Vanquished Creatures
  5 adders (D:2)
  A worm (D:2)
  A dart slug (D:1)
  3 ball pythons
  A bat (D:1)
  8 endoplasms
  4 goblins
  7 hobgoblins
  8 jackals (D:1)
  2 quokkas
  2 frilled lizards (D:1)
  3 kobolds (D:1)
  8 rats
53 creatures vanquished.

Vanquished Creatures (others)
  A plant (D:2)
1 creature vanquished.

Grand Total: 54 creatures vanquished

Notes
Turn   | Place    | Note
-------+----------+-------------------------------------------
     0 | D:1      | weregamer the Minotaur Berserker began the quest for the
                  | Orb.
     0 | D:1      | Reached XP level 1. HP: 19/19 MP: 0/0
   399 | D:1      | Reached XP level 2. HP: 13/27 MP: 1/1
   401 | D:1      | Reached skill level 4 in Maces & Flails
  1020 | D:1      | Reached XP level 3. HP: 33/33 MP: 2/2
  1759 | D:2      | Found a faded altar of an unknown god.
  1807 | D:2      | Found a white marble altar of Elyvilon.
  2224 | D:2      | Reached XP level 4. HP: 26/41 MP: 3/3
  2227 | D:2      | Reached ** piety under Trog
  2233 | D:2      | Reached skill level 5 in Maces & Flails
  2240 | D:2      | HP: 3/61 [poisoned by an adder]
  2242 | D:2      | HP: 1/61 [poisoned by an adder]
  2244 | D:2      | Succumbed to an adder's poison

Illustrated notes

Levels and vault maps discovered:
D:1:      dpeg_arrival_morbid_curiosity, layout_rooms, serial_curves,
          eino_curves_04, eino_curves_04, kennysheep_minor_cross
D:2:      layout_basic, shapermc_ecumenical_altar_gd, basic_altar,
          minmay_liquid_box, nrook_uturn, minmay_joined_circles, uniq_robin

Skill      XL: |  1  2  3  4 |
---------------+-------------+-----
Fighting       | 4 |  4.7
Maces & Flails | 4 5 |  5.0
Throwing       | |  0.3
Armour         | |  2.9
Dodging        | |  2.6
Stealth        | |  0.1
Unarmed Combat | |  0.3

Action                   |  1- 3 |  4- 6 || total
-------------------------+-------+-------++-------
Melee: Mace              |   100 |    20 ||   120
       Headbutt          |    11 |     2 ||    13
       Punch             |     1 |       ||     1
Throw: Stone             |    25 |       ||    25
Invok: Berserk           |     2 |     1 ||     3
Armor: Animal skin       |    22 |       ||    22
Dodge: Dodged            |    70 |    12 ||    82
